 Dungeon Crawl Stone Soup version 0.29.0-11-gd7f09526c8 (webtiles) character file.

Game seed: 9159060592716033552

2 Powertoast the Vexing (level 1, 11/11 HPs)
             Began as a Deep Elf Arcane Marksman on Sept 7, 2022.
             Quit the game on level 1 of the Dungeon.
             The game lasted 00:00:48 (177 turns).

Powertoast the Vexing (Deep Elf Arcane Marksman)     Turns: 177, Time: 00:00:49

Health: 11/11      AC:  2    Str:  7    XL:     1   Next: 25%
Magic:  5/5        EV: 12    Int: 17    God:
Gold:   0          SH:  0    Dex: 15    Spells: 2/3 levels left

rFire   . . .      SeeInvis .   a - +1 sling
rCold   . . .      Faith    .   (no shield)
rNeg    . . .      Spirit   .   c - +0 robe
rPois   .          Reflect  .   (no helmet)
rElec   .          Harm     .   (no cloak)
rCorr   .          Rampage  .   (no gloves)
Will    .....                   (no boots)
Stlth   +.........              (no amulet)
HPRegen 0.03/turn               (no ring)
MPRegen 0.09/turn               (no ring)

@: no status effects
A: no striking features
a: no special abilities


You were on level 1 of the Dungeon.
You visited 1 branch of the dungeon, and saw 1 of its levels.

Inventory:

Hand Weapons
 a - a +1 sling (weapon)
Armour
 c - a +0 robe (worn)
Scrolls
 b - a scroll of poison
 e - a scroll of brand weapon {unknown}
 f - a scroll of identify {unknown}
Potions
 d - a potion of berserk rage {unknown}


   Skills:
 - Level 0.7 Fighting
 + Level 3.0 Ranged Weapons
 - Level 2.4 Dodging
 - Level 1.5 Spellcasting
 - Level 4.0 Hexes


You had 2 spell levels left.
You knew the following spells:

 Your Spells              Type           Power      Damage    Failure   Level
a - Slow                  Hex            56%        N/A       4%          1

Your spell library contained the following spells:

 Spells                   Type           Power      Damage    Failure   Level
 Inner Flame              Hex/Fire       8%         N/A       26%         3
 Portal Projectile        Hex/Tloc       16%        N/A       26%         3
 Cause Fear               Hex            7%         N/A       36%         4


Dungeon Overview and Level Annotations

Branches:
Dungeon (1/15)

Altars:


Message History

As you open the door, it creaks loudly!
Found a scroll labelled EDWABEKYISCH.
There is an open door here.
e - a scroll labelled EDWABEKYISCH
Found 4 poisoned darts. 2 ball pythons come into view.
Found a scroll labelled JUREAN NAWAF.
The ball python hisses angrily.
The ball python seems to slow down.
The ball python struggles to resist.
The ball python hisses angrily.
Fire: a) +1 sling
Press: ? - help, Q - select action, (/) - cycle Shift-Dir - straight line, f/p - ball python
Aim: a ball python (slow, 53% to hit)
You shoot a sling bullet.
The sling bullet completely misses the ball python.
You shoot a sling bullet.
The sling bullet closely misses the ball python.
You shoot a sling bullet.
The sling bullet barely misses the ball python. x2
The ball python bites you. The ball python grabs you.
The ball python constricts you.
You shoot a sling bullet.
The sling bullet closely misses the ball python.
The sling bullet barely misses the ball python.
The ball python bites you. The ball python constricts you.
You shoot a sling bullet. The sling bullet hits the ball python.
You kill the ball python!
The ball python closely misses you. x2
You shoot a sling bullet. The sling bullet hits the ball python.
You kill the ball python!
Your Ranged Weapons skill increases to level 3!
No target in view!
No target in view!
Things that are here:
a ball python corpse; a ball python corpse Magic restored.
HP restored.
f - a scroll labelled JUREAN NAWAF Are you sure you want to abandon this character and quit the game? (Confirm with "yes".)

..?.. #.... ....#####
#.... #......#####
#....
####......(...###....
...............†.....
............#######'#
##......### ♣♣♣♣..<
#......# ♣♣P.....
#@.....# ♣...P|~≈
#......# #.....≈~P
######...+....~~~~
#####~~~≈~~..
#########


There were no monsters in sight!

Vanquished Creatures
  2 ball pythons (D:1)
2 creatures vanquished.

Notes
Turn   | Place    | Note
-------+----------+-------------------------------------------
     0 | D:1      | Powertoast the Deep Elf Arcane Marksman began the quest for
                  | the Orb.
     0 | D:1      | Reached XP level 1. HP: 11/11 MP: 5/5
   177 | D:1      | Quit the game

Illustrated notes

Levels and vault maps discovered:
D:1:      tarquinn_simple_flora_water_c, layout_basic,
          ebering_ecumenical_altar_box

Skill      XL: |  1 |
---------------+----+-----
Ranged Weapons | 3 |  3.0
Fighting       | |  0.7
Dodging        | |  2.4
Spellcasting   | |  1.5
Hexes          | |  4.0

Action                   || total
-------------------------++-------
 Fire: Sling             ||     6
 Cast: Slow              ||     2
Dodge: Dodged            ||     2
